 Dungeon Crawl Stone Soup version 0.29-a0-721-g7f417c9bbb (webtiles) character file.

Game seed: 176950376842619097

844 sammy202020 the Trooper (level 7, 0/64 HPs)
             Began as a Minotaur Fighter on June 27, 2022.
             Was a Follower of Trog.
             Slain by a scorpion (5 damage)
             ... on level 5 of the Dungeon.
             The game lasted 00:05:53 (4310 turns).

sammy202020 the Trooper (Minotaur Fighter)          Turns: 4310, Time: 00:05:54

Health: 0/64       AC: 10    Str: 21    XL:     7   Next: 68%
Magic:  6/6        EV:  8    Int:  7    God:    Trog [*.....]
Gold:   184        SH:  5    Dex: 15    Spells: 6/6 levels left

rFire   . . .      SeeInvis +   a - +1 war axe (vorpal)
rCold   . . .      Faith    .   c - +0 buckler
rNeg    . . .      Spirit   .   f - +1 chain mail
rPois   .          Reflect  .   (helmet unavailable)
rElec   .          Harm     .   (no cloak)
rCorr   .          Rampage  .   (no gloves)
Will    .....                   (no boots)
Stlth   ..........              (no amulet)
HPRegen 0.20/turn               o - +6 ring of dexterity
MPRegen 0.10/turn               x - ring of see invisible

@: lethally poisoned (0 -> -1)
A: horns 3, retaliatory headbutt, evolution 1
a: Renounce Religion, Berserk


You were on level 5 of the Dungeon.
You worshipped Trog.
Trog was aware of your devotion.
You visited 1 branch of the dungeon, and saw 5 of its levels.
You also visited: Sewer.

You collected 184 gold pieces.

Inventory:

Hand Weapons
 a - a +1 vorpal war axe (weapon)
 b - the +7 sling of Grandeur {venom, Int+7}
   (You took it off a goblin on level 2 of the Dungeon)

   Any ammunition fired from it poisons the flesh of those it strikes.
   Int:       It affects your intelligence (+7).
 q - a +0 broad axe
Missiles
 i - 4 boomerangs (quivered)
Armour
 c - a +0 buckler (worn)
 f - a +1 chain mail (worn)
Jewellery
 o - a +6 ring of dexterity (left hand)
 x - a ring of see invisible (right hand)
Wands
 h - a wand of iceblast (10)
 m - a wand of flame (11)
 n - a wand of quicksilver (13)
Scrolls
 r - a scroll of torment
Potions
 d - a potion of might
 e - a potion of degeneration
 g - a potion of brilliance
 j - a potion of mutation
 k - a potion of resistance {unknown}
 l - 2 potions of attraction
 p - 2 potions of flight
 s - a potion of lignification {unknown}
 t - a potion of cancellation {unknown}
 u - 2 potions of curing
 w - a potion of heal wounds


   Skills:
 * Level 6.6 Fighting
 * Level 6.1 Axes
 + Level 5.3 Armour
 + Level 3.2 Dodging
 + Level 5.3 Shields


You had 6 spell levels left.
You didn't know any spells.
Your spell library was empty.

Dungeon Overview and Level Annotations

Branches:
Dungeon (5/15)             Temple (0/1) D:4           Sewer (visited)

Altars:
Makhleb
Sif Muna
Trog


Innate Abilities, Weirdness & Mutations

You have a pair of large horns on your head.
You reflexively headbutt those who attack you in melee.
You have hidden genetic potential.


Message History

You are too injured to fight recklessly!
You are too injured to fight recklessly!
You are too injured to fight recklessly!
You hit the scorpion but do no damage.
You feel very sick. You block the scorpion's attack.
You barely miss the scorpion. You headbutt the scorpion!
The scorpion is severely wounded.
You slash the ogre!
You feel sick. The scorpion stings you.
You are more poisoned.
The scorpion poisons you! The ogre hits you but does no damage.
The scorpion barely misses you.
You hit the scorpion but do no damage.
The scorpion is severely wounded.
You slash the ogre!
You kill the ogre!
Trog accepts your kill.
You feel very sick. You block the scorpion's attack.
Your Axes skill increases to level 6!
You barely miss the scorpion.
The scorpion is severely wounded.
You feel very sick.
The scorpion stings you but does no damage. x2
You closely miss the scorpion.
The scorpion is severely wounded.
You feel sick.
The scorpion stings you but does no damage.
You hit the scorpion but do no damage. Your headbutt misses the scorpion.
The scorpion is severely wounded.
You feel sick. The scorpion barely misses you. You furiously retaliate!
You headbutt the scorpion, but do no damage.
You hit the scorpion but do no damage.
The scorpion is severely wounded.
You feel sick. You block the scorpion's attack. The scorpion stings you.
* * * LOW HITPOINT WARNING * * *
You closely miss the scorpion.
The scorpion is severely wounded.
You feel sick. The scorpion stings you.
You die...

......##..########
...... ...........
....##.# #....
.......#####.##.
##.........^..
######...#...#..###
...........#.......
##>.########...##.#####.
#.....s@.)...####.# #.
#.#.##).##=)## ..# ##
#....#)## ..## #
...##...# .## ######
....? #.... #.....
...... #.#.. #.####
..... #...##. #.##..
..... ..####..# #.#...
.. #...##.#...


You could see a scorpion.

Vanquished Creatures
  Eustachio (D:4)
  An ogre (D:5)
  Blork the orc (D:4)
  A necrophage (D:5)
  An orc priest (D:5)
  3 hounds
  Ijyb (D:4)
  2 iguanas
  An orc wizard (D:4)
  Terence (D:2)
  Robin (D:4)
  13 adders
  3 river rats
  A shadow imp (D:5)
  A worm (D:4)
  6 orcs
  10 ball pythons
  9 endoplasms
  5 giant cockroaches
  12 goblins
  7 hobgoblins
  4 jackals (D:4)
  7 kobolds
  2 quokkas
  3 bats
  2 frilled lizards (Sewer)
  12 rats
111 creatures vanquished.

Notes
Turn   | Place    | Note
-------+----------+-------------------------------------------
     0 | D:1      | sammy202020 the Minotaur Fighter began the quest for the
                  | Orb.
     0 | D:1      | Reached XP level 1. HP: 19/19 MP: 0/0
   308 | D:1      | Reached XP level 2. HP: 27/27 MP: 1/1
   557 | D:1      | Found a faded altar of an unknown god.
   698 | D:2      | Reached XP level 3. HP: 33/33 MP: 2/2
   809 | D:2      | Noticed Terence
   821 | D:2      | Killed Terence
   822 | D:2      | Reached skill level 1 in Dodging
  1302 | D:2      | Identified the +7 sling of Grandeur {venom, Int+7}
  1446 | D:2      | Reached XP level 4. HP: 41/41 MP: 3/3
  2137 | D:3      | Found a bloodstained altar of Trog.
  2181 | D:3      | Became a worshipper of Trog the Wrathful
  2486 | D:4      | Noticed Blork the orc
  2493 | D:4      | Killed Blork the orc
  2494 | D:4      | Reached XP level 5. HP: 36/47 MP: 4/4
  2498 | D:4      | Reached skill level 5 in Fighting
  2736 | D:4      | Noticed Robin
  2746 | D:4      | Killed Robin
  2781 | D:4      | Noticed Eustachio
  2788 | D:4      | Killed Eustachio
  2789 | D:4      | Reached skill level 5 in Axes
  2789 | D:4      | Reached XP level 6. HP: 39/56 MP: 5/5
  2973 | D:4      | Found a glowing drain.
  2977 | Sewer    | Entered a sewer
  3037 | Sewer    | Reached * piety under Trog
  3635 | D:4      | Found a shimmering blue altar of Sif Muna.
  3712 | D:4      | Noticed Ijyb
  3723 | D:4      | Killed Ijyb
  3724 | D:4      | Reached XP level 7. HP: 63/63 MP: 6/6
  3868 | D:4      | Found a staircase to the Ecumenical Temple.
  4117 | D:5      | Entered Level 5 of the Dungeon
  4120 | D:5      | Reached skill level 5 in Armour
  4120 | D:5      | Reached skill level 5 in Shields
  4143 | D:5      | Gained mutation: You have a pair of large horns on your
                  | head. [potion of mutation]
  4143 | D:5      | Gained mutation: You have hidden genetic potential. [potion
                  | of mutation]
  4206 | D:5      | Found a burning altar of Makhleb.
  4310 | D:5      | Slain by a scorpion

Illustrated notes

Levels and vault maps discovered:
D:1:      psy_arrival_terrarium, layout_rooms, hellmonk_ecumenical_altar_blasted
D:2:      layout_basic, moated_statue, uniq_terence
D:3:      layout_basic, mainiacjoe_overflow_small_starburst
D:4:      layout_basic, kennysheep_orc_sif_temple, minmay_temple_entry_arrows,
          gup_sewer_entry_spiral, uniq_robin, uniq_ijyb, uniq_blork_the_orc,
          uniq_eustachio
D:5:      layout_rooms, mainiacjoe_overflow_alcove_2,
          nicolae_tso_swordbearing_angel, old_standard_altar, solitary_fountain

Skill      XL: |  1  2  3  4  5  6  7 |
---------------+----------------------+-----
Axes           | 3 4 5 6 |  6.1
Fighting       | 4 5 6 |  6.6
Dodging        | 1 2 3 |  3.2
Armour         | 4 5 |  5.3
Shields        | 4 5 |  5.3

Action                   |  1- 3 |  4- 6 |  7- 9 || total
-------------------------+-------+-------+-------++-------
Melee: War axe           |    67 |   149 |    47 ||   263
       Headbutt          |     7 |    17 |    11 ||    35
Throw: Boomerang         |       |       |     1 ||     1
  Use: Scroll            |     2 |     6 |     4 ||    12
       Potion            |       |     1 |     1 ||     2
Armor: Scale mail        |    19 |       |       ||    19
       Chain mail        |    11 |    71 |    19 ||   101
Dodge: Dodged            |    27 |    58 |    15 ||   100
Block: Buckler           |    15 |    40 |    14 ||    69

Table legend: (Time is in decaauts)
 A = Elapsed time spent in this place.
 B = Non-inter-level travel time spent in this place.
 C = Inter-level travel time spent in this place.
 D = Time resting spent in this place.
 E = Time spent auto-exploring this place.
 F = Levels seen in this place.
 G = Mean time per level.
                   A        B        C        D        E       F      G
               +--------+--------+--------+--------+--------+-----+--------+
         Total |   4483 |   4417 |     66 |      0 |   3490 |   6 |  747.2 |
       Dungeon |   4003 |   3937 |     66 |      0 |   3181 |   5 |  800.6 |
         Sewer |    480 |    480 |      0 |      0 |    309 |   1 |  480.0 |
               +--------+--------+--------+--------+--------+-----+--------+

Top non-repeatable levels by time:
     D:4: 1282 daAuts
     D:2: 1043 daAuts
     D:3: 774 daAuts
     D:1: 702 daAuts
   Sewer: 480 daAuts
     D:5: 200 daAuts
